Map: Backwater LE

Players

SortOf

  • Race: Zerg Zerg
  • League: Diamond
  • Spawn Location: 11:00

Stats - Winner!

  • Race: Protoss Protoss
  • League: Master
  • Spawn Location: 5:00

Event: Memes & Dreams Invitational

VOD

Have the link to the VOD?

Description

Time

  • Played on: April 13, 2018, 2:37 a.m.
  • Length: 6:02

All games in this series

Show
View Real Time Build Order
Export as new Build Order

SortOf Zerg 

Build Orders: Hatch First 

Get SALT Encoding   

  12  0:00  Drone  
  13  0:12  Overlord  
  13  0:16  Drone  
  14  0:31  Drone x2  
  17  0:49  Hatchery  
  15  0:51  Drone  
  15  0:56  Drone  
  17  1:06  Extractor  
  17  1:10  Spawning Pool  
  15  1:14  Drone  
  15  1:17  Drone  
  17  1:30  Drone  
  18  1:39  Drone  
  19  1:49  Drone  
  20  1:56  Queen  
  22  2:02  Queen  
  22  2:03  Zergling x2  
  22  2:04  Zergling x2  
  26  2:13  Overlord  
  26  2:16  Drone  
  26  2:21  Metabolic Boost  
  27  2:24  Drone  
  28  2:32  Drone  
  28  2:33  Drone  
  28  2:34  Drone  
  31  2:45  Hatchery  
  31  2:47  Drone  
  31  2:50  Drone  
  32  2:54  Overlord  
  32  2:57  Drone  
  33  3:07  Drone x2  
  33  3:12  Queen  
  37  3:13  Drone  
  37  3:14  Drone  
  37  3:16  Drone  
  37  3:17  Drone  
  41  3:22  Drone  
  41  3:26  Spore Crawler  
  41  3:28  Drone  
  41  3:33  Lair  
  42  3:34  Overlord  
  43  3:41  Drone x2  
  43  3:46  Overlord  
  44  3:53  Extractor x2, Queen  
  44  3:57  Drone x5  
  44  4:00  Drone  
  50  4:09  Roach Warren  
  49  4:11  Zergling x4  
  49  4:16  Drone  
  52  4:17  Zergling x8  
  52  4:22  Overlord  
  56  4:33  Nydus Network  
  55  4:40  Queen  
  55  4:45  Overlord  
  56  4:51  Roach  
  56  4:52  Overlord x2  
  58  4:53  Overlord  
  58  4:56  Overlord  
  58  5:09  Nydus Canal  
  58  5:12  Roach x5  
  67  5:16  Roach x2  
  67  5:19  Roach  
  67  5:21  Roach  
  71  5:29  Roach x2  
  71  5:30  Roach  
  71  5:35  Nydus Canal  
  74  5:38  Roach  
  74  5:39  Zergling x4  
  74  5:41  Zergling x2  
  79  5:43  Zergling x2  
  79  5:44  Zergling x2  
Show
View Real Time Build Order
Export as new Build Order

Stats Protoss - Winner!

Build Orders: 1 Gate Expand, Oracle Opening, Phoenix Opening, Zealot Archon 

Get SALT Encoding   

  12  0:00  Probe  
  13  0:13  Probe  
  14  0:20  Pylon  
  14  0:25  Probe  
  15  0:38  Probe (Chrono Boost)  
  16  0:45  Gateway  
  16  0:47  Probe (Chrono Boost), Assimilator  
  17  0:53  Probe  
  18  1:05  Probe  
  19  1:17  Probe  
  20  1:24  Nexus  
  20  1:34  Cybernetics Core  
  20  1:37  Probe  
  21  1:43  Assimilator  
  21  1:49  Probe  
  21  1:52  Pylon  
  22  2:01  Probe  
  23  2:09  Adept (Chrono Boost)  
  23  2:13  Probe  
  26  2:19  Stargate  
  26  2:25  Probe (Chrono Boost)  
  26  2:29  Warp Gate  
  27  2:33  Adept  
  27  2:37  Probe (Chrono Boost)  
  30  2:38  Probe (Chrono Boost)  
  31  2:46  Probe x2 (Chrono Boost)  
  31  2:51  Probe (Chrono Boost)  
  33  2:52  Probe  
  35  3:02  Phoenix (Chrono Boost)  
  35  3:03  Probe  
  35  3:04  Probe  
  39  3:10  Pylon  
  39  3:15  Probe  
  39  3:16  Probe  
  41  3:21  Oracle (Chrono Boost)  
  44  3:27  Probe  
  44  3:28  Probe  
  44  3:32  Gateway  
  46  3:37  Assimilator x2  
  46  3:39  Probe  
  46  3:40  Probe  
  48  3:44  Robotics Facility  
  48  3:46  Pylon  
  48  3:51  Probe  
  48  3:52  Probe  
  50  4:04  Probe x2  
  50  4:07  Twilight Council  
  52  4:11  Gateway x2  
  52  4:16  Probe x2  
  54  4:28  Nexus  
  54  4:30  Warp Prism (Chrono Boost)  
  56  4:57  Immortal (Chrono Boost), Shield Battery  
  56  4:58  Pylon, Shield Battery  
  60  5:01  Templar Archives  
  60  5:06  Pylon  
  60  5:11  Pylon  
  60  5:14  Zealot  
  60  5:21  Stalker x2  
  66  5:23  Stalker  
  66  5:27  Immortal (Chrono Boost)  
  72  5:42  High Templar  
  72  5:43  High Templar  
  72  5:44  Zealot  
  72  5:46  Zealot  
  72  5:49  Archon  
Tags
 
Add a new tag
Caveats
  • Supply blocks, unpowered buildings, or Contaminate may cause inaccurate times.
  • Supply counts are checked every 10 seconds.